 Dungeon Crawl Stone Soup version 0.19.4-10-g532645f (webtiles) character file.

10356 Ponchio the Destroyer (level 11, -6/48 HPs)
             Began as a Deep Elf Conjurer on Feb 23, 2017.
             Was a Priest of Vehumet.
             Mangled by Rupert
             ... wielding a +2 battleaxe of venom
              (16 damage)
             ... on level 3 of the Lair of Beasts.
             The game lasted 01:25:04 (13013 turns).

Ponchio the Destroyer (Deep Elf Conjurer)          Turns: 13013, Time: 01:25:04

Health: -6/48      AC:  8    Str:  7    XL:     11   Next: 35%
Magic:  14/28      EV: 18    Int: 28    God:    Vehumet [***...]
Gold:   556        SH:  0    Dex: 15    Spells: 5 memorised, 19 levels left

rFire  . . .     SeeInvis .     I - +4 hand axe "Fuipuc" {freeze, rC- rN+ Int+4}
rCold  x . .     Gourm    .     a - +0 robe
rNeg   + + .     Faith    .     (no shield)
rPois  +         Spirit   .     J - +1 hat
rElec  .         Reflect  .     v - +0 cloak
rCorr  .         Harm     .     d - +2 pair of gloves
MR     +....                    w - +0 pair of boots
Stlth  ++........               (no amulet)
                                z - ring of poison resistance
                                y - ring of positive energy

@: swift, repel missiles, very quick
A: frail 1, regeneration 1, strong 1
a: Renounce Religion


You were on level 3 of the Lair of Beasts.
You worshipped Vehumet.
Vehumet was most pleased with you.
You were not hungry.

You visited 3 branches of the dungeon, and saw 12 of its levels.

You collected 628 gold pieces.
You spent 72 gold pieces at shops.

Inventory:

Hand Weapons
 l - a +0 dagger
 q - a +2 dagger of electrocution
 I - the +4 hand axe "Fuipuc" (weapon) {freeze, rC- rN+ Int+4}
   (You found it on level 2 of the Lair of Beasts)

   It has been specially enchanted to freeze those struck by it, causing extra
   injury to most foes and up to half again as much damage against particularly
   susceptible opponents.
   It can also slow down cold-blooded creatures.
   It affects your intelligence (+4).
   It makes you vulnerable to cold.
   It protects you from negative energy.
Armour
 a - a +0 robe (worn)
 d - a +2 pair of gloves (worn)
 v - a +0 cloak (worn)
 w - a +0 pair of boots (worn)
 J - a +1 hat (worn)
Magical Staves
 G - an uncursed staff of earth
Jewellery
 y - a ring of positive energy (left hand)
 z - a ring of poison resistance (right hand)
 B - an uncursed ring of fire
Wands
 D - a wand of disintegration (12/24)
 F - a wand of polymorph (14/24)
Scrolls
 n - a scroll of fear
 t - 4 scrolls of teleportation
 u - 4 scrolls of amnesia
 C - 3 scrolls of remove curse
 E - a scroll of magic mapping
Potions
 b - a potion of mutation {unknown}
 e - 4 potions of curing
 g - 3 potions of flight
 h - 2 potions of cancellation
 j - a potion of lignification
 k - 4 potions of haste
 m - a potion of magic
 o - a potion of resistance
 p - a potion of agility
 r - 2 potions of ambrosia
 x - 2 potions of heal wounds
 A - a potion of berserk rage
 H - a potion of might
Books
 i - a book of Air

   Spells                             Type                      Level
   a - Shock                          Conjuration/Air              1
   b - Swiftness                      Charms/Air                   2
   c - Repel Missiles                 Charms/Air                   2
   d - Static Discharge               Conjuration/Air              3
   e - Lightning Bolt                 Conjuration/Air              5
Comestibles
 c - 6 bread rations
 f - 13 fruits
 s - 2 meat rations


   Skills:
 + Level 9.5 Dodging
 - Level 2.4 Stealth
 + Level 11.2 Spellcasting
 + Level 11.6 Conjurations
 - Level 3.1 Hexes
 + Level 11.2 Charms
 - Level 4.6 Air Magic


You had 19 spell levels left.
You knew the following spells:

 Your Spells              Type           Power        Failure   Level  Hunger
a - Magic Dart            Conj           ####         1%          1    None
b - Dazzling Spray        Conj/Hex       ######       1%          3    None
c - Iskenderun's Battles  Conj/Chrm      ######..     1%          5    ###....
d - Repel Missiles        Chrm/Air       ######       1%          2    None
e - Swiftness             Chrm/Air       ######..     1%          2    None


Dungeon Overview and Level Annotations

Branches:
Dungeon (8/15)             Temple (1/1) D:4            Lair (3/6) D:8
 Spider (0/4) Lair:2
  Swamp: Lair:2-4    Shoals: Lair:2-4

Altars:
Ashenzari
Cheibriados
Dithmenos
Elyvilon
Fedhas
Gozag
Hepliaklqana
Kikubaaqudgha
Makhleb
Nemelex Xobeh
Okawaru
Qazlal
Ru
Sif Muna
Trog
Uskayaw
Vehumet
Xom
Yredelemnul
Zin
The Shining One
Beogh

Shops:
D:6 !

Annotations:
D:3 Grinder
Lair:3 Rupert


Innate Abilities, Weirdness & Mutations

You are frail. (-10% HP)
Your natural rate of healing is unusually fast.
Your muscles are strong. (Str +2)


Message History

Press: ? - help, Shift-Dir - straight line The spray of energy hits Rupert.
Rupert is moderately wounded.
Your battlesphere fires!
The barrage of energy hits Rupert.
Rupert is moderately wounded.
Your battlesphere expends the last of its energy and dissipates.
Rupert roars madly and goes into a rage!
Rupert goes berserk!
Casting: Dazzling Spray
Confirm with . or Enter, or press ? or * to list all spells.
You feel quick.
Rupert rages.
Rupert hits you with a battleaxe of venom!!!
Ouch! That really hurt!
* * * LOW HITPOINT WARNING * * *
A hippogriff comes into view.
There is a stone staircase leading up, spattered with blood here.
Rupert hits you with a battleaxe of venom!
You die...

#######P....###..#.......###.####
.#.## ##....##...##.......Y.....#
...(.###....#.#.#.##.....##.....#
#...........+...................#
#....###....###..###......#..Y...
.##.###......#.#####...[.##...(.#
# ######....P#.####......#...Y..#
###.##......P#..##.#.....##....#.
...............@@........##.##...
.................................
.................................
......##.........H...............
....≈.##.........................
.##...##.#..............######').
#..#####...≈.............#####.#P
.... ###...............##..#†##
.#.. #####...#....÷..........Y...


You could see Rupert (berserk) and a hippogriff.

Vanquished Creatures
  Sonja (Lair:2)
  Joseph (D:8)
  A manticore (Lair:3)
  3 komodo dragons
  4 spiny frogs
  A queen bee (Lair:3)
  4 blink frogs (Lair:3)
  3 hippogriffs
  2 yaks (Lair:3)
  A basilisk (Lair:3)
  4 water moccasins (Lair:3)
  4 orc warriors (D:8)
  A black bear (D:6)
  3 porcupines
  A sky beast (D:6)
  A necrophage (D:5)
  A phantom (D:6)
  7 ogres
  3 wolves (Lair:3)
  A centaur (D:5)
  3 crocodiles
  5 bullfrogs
  A gnoll sergeant (D:8)
  A scorpion (D:6)
  28 killer bees
  4 howler monkeys
  A centaur zombie (D:4)
  A quasit (D:8)
  A crimson imp (D:6)
  An orc priest (D:8)
  4 hounds
  A bullfrog skeleton (D:4)
  4 orc wizards
  An iguana (D:4)
  Terence (D:2)
  3 worker ants
  2 hound skeletons
  A worker ant zombie (D:8)
  9 adders
  8 gnolls
  A river rat (Lair:3)
  A shadow imp (D:8)
  2 oozes
  2 adder skeletons
  3 dart slugs
  9 leopard geckos
  49 orcs
  4 bats
  7 giant cockroaches
  7 goblins
  6 hobgoblins
  2 jackals (D:8)
  5 frilled lizards
  A giant cockroach zombie (D:6)
  6 kobolds
  6 rats
  A fungus (Lair:3)
239 creatures vanquished.

Vanquished Creatures (others)
  A fungus (Lair:3)
  3 plants (Lair:3)
4 creatures vanquished.

Grand Total: 243 creatures vanquished

Notes
Turn   | Place    | Note
-------+----------+-------------------------------------------
     0 | D:1      | Ponchio the Deep Elf Conjurer began the quest for the Orb.
     0 | D:1      | Reached XP level 1. HP: 10/10 MP: 6/6
   320 | D:1      | Reached XP level 2. HP: 15/15 MP: 2/8
   935 | D:2      | Reached XP level 3. HP: 19/19 MP: 7/10
   956 | D:2      | Reached skill level 5 in Conjurations
   970 | D:2      | Noticed Terence
   978 | D:2      | Killed Terence
  1293 | D:2      | Found an opulent altar of Gozag.
  1605 | D:3      | Reached XP level 4. HP: 16/24 MP: 4/12
  1746 | D:3      | Learned a level 3 spell: Dazzling Spray
  2327 | D:3      | Noticed Grinder
  2452 | D:2      | Reached skill level 5 in Spellcasting
  2859 | D:3      | Reached XP level 5. HP: 28/28 MP: 9/14
  2866 | D:3      | Learned a level 5 spell: Iskenderun's Battlesphere
  3397 | D:4      | Reached XP level 6. HP: 32/32 MP: 8/16
  3758 | D:4      | Found a staircase to the Ecumenical Temple.
  3765 | Temple   | Entered the Ecumenical Temple
  3775 | Temple   | Became a worshipper of Vehumet
  4196 | D:4      | Reached skill level 5 in Charms
  4389 | D:5      | Entered Level 5 of the Dungeon
  4412 | D:5      | Found a hazy altar of Hepliaklqana.
  4491 | D:5      | Reached XP level 7. HP: 36/36 MP: 8/17
  4684 | D:5      | Found a sacrificial altar of Ru.
  6134 | D:6      | Found Coabbeing's Distillery.
  6138 | D:6      | Bought a potion of curing for 36 gold pieces
  6138 | D:6      | Bought a potion of curing for 36 gold pieces
  6182 | D:6      | Reached * piety under Vehumet
  6182 | D:6      | Offered knowledge of Shock by Vehumet.
  6522 | D:6      | Reached XP level 8. HP: 41/41 MP: 8/21
  6536 | D:6      | Gained mutation: Your muscles are strong. (Str +2) [potion of beneficial mutation]
  6787 | D:6      | Gained mutation: You occasionally shout uncontrollably at your foes. [mutagenic meat]
  6788 | D:6      | Gained mutation: Your natural rate of healing is unusually fast. [mutagenic meat]
  6789 | D:6      | Lost mutation: You occasionally shout uncontrollably at your foes. [mutagenic meat]
  6790 | D:6      | Gained mutation: You are frail. (-10% HP) [mutagenic meat]
  7157 | D:6      | Learned a level 2 spell: Repel Missiles
  7171 | D:6      | Learned a level 2 spell: Swiftness
  8017 | D:7      | Found a basalt altar of Yredelemnul.
  8017 | D:7      | Found an iron altar of Okawaru.
  8227 | D:8      | Reached skill level 1 in Air Magic
  8227 | D:8      | Reached XP level 9. HP: 40/40 MP: 5/24
  8709 | D:8      | Found a staircase to the Lair.
  8726 | D:8      | Offered knowledge of Freeze by Vehumet.
  8780 | D:8      | Reached ** piety under Vehumet
  8887 | D:8      | Noticed Joseph
  8900 | D:8      | Killed Joseph
  8900 | D:8      | Reached skill level 5 in Dodging
  9390 | D:8      | Found a roughly hewn altar of Beogh.
  9568 | D:8      | Offered knowledge of Ignite Poison by Vehumet.
  9968 | Lair:1   | Entered Level 1 of the Lair of Beasts
  9977 | Lair:1   | Noticed a spiny frog
  9982 | Lair:1   | Killed a spiny frog
 10145 | Lair:1   | Noticed a spiny frog
 10149 | Lair:1   | Killed a spiny frog
 10149 | Lair:1   | Reached XP level 10. HP: 45/45 MP: 17/25
 10681 | Lair:1   | Reached *** piety under Vehumet
 11042 | Lair:2   | Found a hole to the Spider Nest.
 11222 | Lair:2   | Noticed Sonja
 11225 | Lair:2   | Killed Sonja
 11225 | Lair:2   | Reached skill level 10 in Conjurations
 11359 | Lair:2   | Got a scorched hand axe
 11362 | Lair:2   | Identified the +4 hand axe "Fuipuc" {freeze, rC- rN+ Int+4} (You found it on level 2 of the Lair of Beasts)
 11406 | Lair:2   | Noticed a spiny frog
 11411 | Lair:2   | Killed a spiny frog
 11411 | Lair:2   | Reached skill level 10 in Spellcasting
 11808 | Lair:2   | Noticed a spiny frog
 11814 | Lair:2   | Killed a spiny frog
 11875 | Lair:3   | Reached skill level 10 in Charms
 12037 | Lair:3   | Reached XP level 11. HP: 48/48 MP: 18/27
 12280 | Lair:2   | Offered knowledge of Conjure Flame by Vehumet.
 12996 | Lair:3   | Noticed Rupert
 13013 | Lair:3   | Mangled by Rupert

Skill      XL: |  1  2  3  4  5  6  7  8  9 10 11 |
---------------+----------------------------------+-----
Spellcasting   | 4 5 7 9 10 11 | 11.2
Conjurations   | 5 6 7 8 9 11 | 11.6
Hexes          | 2 3 |  3.1
Charms         | 3 5 7 9 10 11 | 11.2
Dodging        | 3 8 9 |  9.5
Air Magic      | 1 4 |  4.6
Stealth        | |  2.4

Action                   |  1- 3 |  4- 6 |  7- 9 | 10-12 || total
-------------------------+-------+-------+-------+-------++-------
Melee: Unarmed           |    11 |       |       |       ||    11
       Dagger            |       |    10 |    22 |     1 ||    33
       Hand axe          |       |       |       |     1 ||     1
 Cast: Magic Dart        |    74 |    68 |   197 |    99 ||   438
       Dazzling Spray    |       |    32 |    80 |    38 ||   150
       Iskenderun's Batt |       |       |    25 |    26 ||    51
       Repel Missiles    |       |       |     1 |     1 ||     2
       Swiftness         |       |       |       |     6 ||     6
  Use: Scroll            |     5 |     5 |     9 |     7 ||    26
       Potion            |       |       |     2 |     1 ||     3
 Stab: Invisible         |       |     1 |       |       ||     1
  Eat: Chunk             |     1 |     7 |    24 |     9 ||    41
       Beef jerky        |       |     2 |     1 |     1 ||     4
       Fruit             |       |       |     1 |       ||     1
       Pizza             |       |       |       |     1 ||     1
Armor: Robe              |    10 |     1 |     6 |    13 ||    30
Dodge: Dodged            |    20 |    27 |    31 |    70 ||   148
       Deflected         |       |       |     1 |     1 ||     2
